SAA
SAN BERNARDINO GRASSHOPPERS @ HELENA GRIZZLIES
09/16/2022
 
TOP OF THE 1ST
San Bernardino Grasshoppers batting - Pitching for Helena Grizzlies : RHP Doruk Oyan
Pitching: RHP Doruk Oyan
Batting: RHB José Paz 0-0: Swinging Strike
0-1: Called Strike
0-2: Strikes out swinging
Batting: LHB Roberto Marino 0-0: Ball
1-0: Fly out, F8 (Flyball, 8LM)
Batting: LHB Mike Cook 0-0: Called Strike
0-1: Foul Ball, location: 2F
0-2: Strikes out swinging
Top of the 1st over - 0 run(s), 0 hit(s), 0 error(s), 0 left on base; San Bernardino 0 - Helena 0
BOTTOM OF THE 1ST
Helena Grizzlies batting - Pitching for San Bernardino Grasshoppers : RHP Jim Unknown
Pitching: RHP Jim Unknown
Batting: LHB Wilson Horton 0-0: Ball
1-0: Swinging Strike
1-1: SINGLE (Groundball, 56D)
Batting: LHB Eugene Henson 0-0: Called Strike
0-1: Ball
1-1: Swinging Strike
1-2: Ball
2-2: SINGLE (Groundball, 56D)
Wilson Horton to second
Batting: RHB Keith Newbold 0-0: Fly out, F8 (Flyball, 89M)
Batting: RHB Octávio Zúñiga 0-0: Swinging Strike
0-1: Ball
1-1: Ball
2-1: 3-RUN HOME RUN (Line Drive, 8LXD), Distance : 437 ft
Batting: LHB César Muñóz 0-0: Called Strike
0-1: Called Strike
0-2: Ball
1-2: Fly out, F6 (Popup, 6D)
Batting: RHB Chris Woodruff 0-0: Ball
1-0: SINGLE (Groundball, 56D)
Batting: RHB Hank Kenney 0-0: SINGLE (Groundball, 6MD)
Chris Woodruff to second
Batting: LHB Andrew Palmer 0-0: Foul Ball, location: 2F
0-1: Swinging Strike
0-2: Strikes out swinging
Bottom of the 1st over - 3 run(s), 5 hit(s), 0 error(s), 2 left on base; San Bernardino 0 - Helena 3
TOP OF THE 2ND
San Bernardino Grasshoppers batting - Pitching for Helena Grizzlies : RHP Doruk Oyan
Batting: RHB Alonso Rivera 0-0: Ball
1-0: Ball
2-0: Ball
3-0: Called Strike
3-1: Base on Balls
Batting: RHB Alfonso Enríquez 0-0: Ball
1-0: Called Strike
1-1: Ball
2-1: Ball
3-1: Called Strike
3-2: Base on Balls
Alonso Rivera to second
Batting: RHB Henry Cameron 0-0: Fly out, F5 (Line Drive, 5)
Batting: RHB Pedro Luna 0-0: Ground out 6-3 (Groundball, 6MS)
Alonso Rivera to third
Alfonso Enríquez to second
Batting: RHB Marcos Silva 0-0: Ball
1-0: Swinging Strike
1-1: Swinging Strike
1-2: Ball
2-2: Strikes out swinging
Top of the 2nd over - 0 run(s), 0 hit(s), 0 error(s), 2 left on base; San Bernardino 0 - Helena 3
BOTTOM OF THE 2ND
Helena Grizzlies batting - Pitching for San Bernardino Grasshoppers : RHP Jim Unknown
Batting: LHB José Ríos 0-0: Ball
1-0: Fly out, F6 (Popup, 6MD)
Batting: LHB Wilson Horton 0-0: Ball
1-0: Ground out U3 (Groundball, 3L)
Batting: LHB Eugene Henson 0-0: Ball
1-0: Ball
2-0: Foul Ball, location: 2F
2-1: Ball
3-1: Base on Balls
Batting: RHB Keith Newbold 0-0: Called Strike
0-1: Foul Ball, location: 2F
0-2: Ball
1-2: Ball
2-2: Foul Ball, location: 2F
2-2: SINGLE (Flyball, 8RS)
Eugene Henson to second
Batting: RHB Octávio Zúñiga 0-0: Ball
1-0: Ball
2-0: Reached on Error, E9 (Flyball, 9M)
Eugene Henson scores
Keith Newbold to third
Batting: LHB César Muñóz 0-0: Ball
1-0: Ball
2-0: Foul Ball, location: 2F
2-1: Foul Ball, location: 2F
2-2: Ground out 4-3 (Groundball, 34)
Bottom of the 2nd over - 1 run(s), 1 hit(s), 1 error(s), 2 left on base; San Bernardino 0 - Helena 4
TOP OF THE 3RD
San Bernardino Grasshoppers batting - Pitching for Helena Grizzlies : RHP Doruk Oyan
Batting: RHB Jaime López 0-0: Ball
1-0: DOUBLE (Line Drive, 8LXD)
Batting: RHB José Paz 0-0: Ball
1-0: Ball
2-0: Ball
3-0: Called Strike
3-1: Base on Balls
Batting: LHB Roberto Marino 0-0: Called Strike
0-1: Ball
1-1: Ball
2-1: Grounds into double play, 6-4-3 (Groundball, 6)
Jaime López to third
Batting: LHB Mike Cook 0-0: Called Strike
0-1: Ball
1-1: Foul Ball, location: 2F
1-2: Strikes out looking
Top of the 3rd over - 0 run(s), 1 hit(s), 0 error(s), 1 left on base; San Bernardino 0 - Helena 4
BOTTOM OF THE 3RD
Helena Grizzlies batting - Pitching for San Bernardino Grasshoppers : RHP Jim Unknown
Batting: RHB Chris Woodruff 0-0: Ball
1-0: Foul Ball, location: 2F
1-1: Ball
2-1: Swinging Strike
2-2: SINGLE (Groundball, 4M)
Batting: RHB Hank Kenney 0-0: Foul Ball, location: 2F
0-1: Called Strike
0-2: Ball
1-2: Ball
2-2: Foul Ball, location: 2F
2-2: Foul Ball, location: 2F
2-2: Fielders Choice at 2nd, 6-4 (Groundball, 6M)
Batting: LHB Andrew Palmer 0-0: Foul Ball, location: 2F
0-1: Swinging Strike
0-2: Fielders Choice at 2nd, 5-4 (Groundball, 5)
Batting: LHB José Ríos 0-0: Called Strike
0-1: Ball
1-1: Called Strike
1-2: Ball
2-2: Foul Ball, location: 2F
2-2: Ball
3-2: SINGLE (Groundball, 3D)
Andrew Palmer to second
Andrew Palmer to third
Batting: LHB Wilson Horton 0-0: Called Strike
0-1: Fly out, F8 (Flyball, 8LS)
Bottom of the 3rd over - 0 run(s), 2 hit(s), 0 error(s), 2 left on base; San Bernardino 0 - Helena 4
TOP OF THE 4TH
San Bernardino Grasshoppers batting - Pitching for Helena Grizzlies : RHP Doruk Oyan
Batting: RHB Alonso Rivera 0-0: Ball
1-0: Ball
2-0: Called Strike
2-1: Called Strike
2-2: Strikes out swinging
Batting: RHB Alfonso Enríquez 0-0: Called Strike
0-1: Ball
1-1: SOLO HOME RUN (Flyball, 7LD), Distance : 326 ft
Batting: RHB Henry Cameron 0-0: Called Strike
0-1: Called Strike
0-2: Strikes out looking
Batting: RHB Pedro Luna 0-0: Called Strike
0-1: Ground out 5-3 (Groundball, 5L)
Top of the 4th over - 1 run(s), 1 hit(s), 0 error(s), 0 left on base; San Bernardino 1 - Helena 4
BOTTOM OF THE 4TH
Helena Grizzlies batting - Pitching for San Bernardino Grasshoppers : RHP Jim Unknown
Batting: LHB Eugene Henson 0-0: Ball
1-0: Swinging Strike
1-1: Foul Ball, location: 2F
1-2: Strikes out swinging
Batting: RHB Keith Newbold 0-0: Called Strike
0-1: Ball
1-1: Ball
2-1: Called Strike
2-2: Foul Ball, location: 2F
2-2: Foul Ball, location: 2F
2-2: Ground out 6-3 (Groundball, 6)
Batting: RHB Octávio Zúñiga 0-0: Foul Ball, location: 2F
0-1: Called Strike
0-2: Ball
1-2: Ball
2-2: Ground out 6-3 (Groundball, 6)
Bottom of the 4th over - 0 run(s), 0 hit(s), 0 error(s), 0 left on base; San Bernardino 1 - Helena 4
TOP OF THE 5TH
San Bernardino Grasshoppers batting - Pitching for Helena Grizzlies : RHP Doruk Oyan
Batting: RHB Marcos Silva 0-0: Foul Ball, location: 2F
0-1: Called Strike
0-2: Strikes out looking
Batting: RHB Jaime López 0-0: Ball
1-0: Ball
2-0: Ball
3-0: Called Strike
3-1: SINGLE (Line Drive, 8RS)
Batting: RHB José Paz 0-0: Ball
Jaime López is caught stealing 2nd base
1-0: Foul Ball, location: 2F
1-1: Foul Ball, location: 2F
1-2: Ball
2-2: Ground out 6-3 (Groundball, 56)
Top of the 5th over - 0 run(s), 1 hit(s), 0 error(s), 0 left on base; San Bernardino 1 - Helena 4
BOTTOM OF THE 5TH
Helena Grizzlies batting - Pitching for San Bernardino Grasshoppers : RHP Jim Unknown
Batting: LHB César Muñóz 0-0: Fly out, F8 (Flyball, 8RM)
Batting: RHB Chris Woodruff 0-0: Called Strike
0-1: SINGLE (Groundball, 4MD)
Batting: RHB Hank Kenney 0-0: Ball
1-0: Called Strike
1-1: Ball
2-1: Foul Ball, location: 2F
2-2: Foul Ball, location: 2F
2-2: Foul Ball, location: 2F
2-2: SINGLE (Line Drive, 89S)
Chris Woodruff to second
Runner from 2nd tries for 3rd, SAFE, no throw or cutoff
Batting: LHB Andrew Palmer 0-0: Ball
1-0: Fly out, F9 (Flyball, 89M)
Throwing error, E9
Chris Woodruff scores
Hank Kenney to second
Batting: LHB José Ríos 0-0: Called Strike
0-1: Ball
1-1: Ball
2-1: Called Strike
2-2: SINGLE (Line Drive, 6D)
Hank Kenney to third
Runner from 3rd tries for Home, SAFE, no throw or cutoff
Batting: LHB Wilson Horton 0-0: Foul Ball, location: 2F
0-1: SINGLE (Line Drive, 78S)
José Ríos to second
Batting: LHB Eugene Henson 0-0: Called Strike
0-1: Ball
1-1: Ball
2-1: Called Strike
2-2: Strikes out swinging
Bottom of the 5th over - 2 run(s), 4 hit(s), 1 error(s), 2 left on base; San Bernardino 1 - Helena 6
TOP OF THE 6TH
San Bernardino Grasshoppers batting - Pitching for Helena Grizzlies : RHP Doruk Oyan
Batting: LHB Roberto Marino 0-0: Ball
1-0: Foul Ball, location: 2F
1-1: Ball
2-1: Fly out, F8 (Flyball, 8LM)
Batting: LHB Mike Cook 0-0: Called Strike
0-1: Ball
1-1: Called Strike
1-2: Strikes out looking
Batting: RHB Alonso Rivera 0-0: Called Strike
0-1: Swinging Strike
0-2: SINGLE (Line Drive, 4MD)
Batting: RHB Alfonso Enríquez 0-0: SINGLE (Groundball, 5D)
Alonso Rivera to second
Batting: RHB Henry Cameron 0-0: Ball
1-0: Ball
2-0: Ball
3-0: Base on Balls
Alonso Rivera to third
Alfonso Enríquez to second
Batting: RHB Pedro Luna 0-0: Swinging Strike
0-1: Foul Ball, location: 2F
0-2: Strikes out swinging
Top of the 6th over - 0 run(s), 2 hit(s), 0 error(s), 3 left on base; San Bernardino 1 - Helena 6
BOTTOM OF THE 6TH
Helena Grizzlies batting - Pitching for San Bernardino Grasshoppers : RHP Jim Unknown
Pitching: LHP Homer Shafer
Batting: RHB Keith Newbold 0-0: Ball
1-0: Called Strike
1-1: Fly out, F9 (Line Drive, 9S)
Batting: RHB Octávio Zúñiga 0-0: Foul Ball, location: 2F
0-1: Called Strike
0-2: Strikes out swinging
Batting: LHB César Muñóz 0-0: Ball
1-0: Ball
2-0: Called Strike
2-1: Ball
3-1: Base on Balls
Batting: RHB Chris Woodruff 0-0: Called Strike
0-1: Called Strike
0-2: SINGLE (Line Drive, 34)
César Muñóz to second
Runner from 2nd tries for 3rd, SAFE, no throw or cutoff
Batting: RHB Hank Kenney 0-0: Ball
1-0: Called Strike
1-1: Ball
2-1: Fly out, F8 (Flyball, 8LM)
Bottom of the 6th over - 0 run(s), 1 hit(s), 0 error(s), 2 left on base; San Bernardino 1 - Helena 6
TOP OF THE 7TH
San Bernardino Grasshoppers batting - Pitching for Helena Grizzlies : RHP Doruk Oyan
Batting: RHB Marcos Silva 0-0: Called Strike
0-1: Ball
1-1: Ball
2-1: Foul Ball, location: 2F
2-2: Ball
3-2: Foul Ball, location: 2F
3-2: Foul Ball, location: 2F
3-2: Foul Ball, location: 2F
3-2: Foul Ball, location: 2F
3-2: Strikes out swinging
Batting: RHB Jaime López 0-0: SINGLE (Groundball, 56D)
Batting: RHB José Paz 0-0: Fly out, F7 (Flyball, 7S)
Batting: LHB Roberto Marino 0-0: Ball
1-0: Called Strike
1-1: Called Strike
Throwing error on steal attempt, E2
Jaime López to third
1-2: SINGLE (Groundball, 6MD)
Jaime López scores
Pitching: RHP Scott Lyons
Batting: LHB Mike Cook 0-0: Foul Ball, location: 2F
0-1: Called Strike
0-2: Ball
1-2: Strikes out swinging
Top of the 7th over - 1 run(s), 2 hit(s), 1 error(s), 1 left on base; San Bernardino 2 - Helena 6
BOTTOM OF THE 7TH
Helena Grizzlies batting - Pitching for San Bernardino Grasshoppers : LHP Homer Shafer
Batting: LHB Andrew Palmer 0-0: Ground out 3-1 (Groundball, 34)
Batting: LHB José Ríos 0-0: Ball
1-0: Ball
2-0: Fly out, F6 (Line Drive, 6)
Batting: LHB Wilson Horton 0-0: Ball
1-0: Called Strike
1-1: Called Strike
1-2: Foul Ball, location: 2F
1-2: Ball
2-2: Ball
3-2: Base on Balls
Batting: LHB Eugene Henson 0-0: Foul Ball, location: 2F
0-1: Called Strike
0-2: Foul Ball, location: 2F
0-2: Ball
1-2: Ground out 1-3 (Groundball, 23)
Bottom of the 7th over - 0 run(s), 0 hit(s), 0 error(s), 1 left on base; San Bernardino 2 - Helena 6
TOP OF THE 8TH
San Bernardino Grasshoppers batting - Pitching for Helena Grizzlies : RHP Scott Lyons
Batting: RHB Alonso Rivera 0-0: Ball
1-0: Ball
2-0: Fly out, F7 (Popup, 56D)
Batting: RHB Alfonso Enríquez 0-0: Called Strike
0-1: Ball
1-1: Called Strike
1-2: Strikes out swinging
Batting: RHB Henry Cameron 0-0: Ball
1-0: Called Strike
1-1: Ball
2-1: Swinging Strike
2-2: Ball
3-2: Foul Ball, location: 2F
3-2: Foul Ball, location: 2F
3-2: Strikes out swinging
Top of the 8th over - 0 run(s), 0 hit(s), 0 error(s), 0 left on base; San Bernardino 2 - Helena 6
BOTTOM OF THE 8TH
Helena Grizzlies batting - Pitching for San Bernardino Grasshoppers : LHP Homer Shafer
Batting: RHB Keith Newbold 0-0: Foul Ball, location: 2F
0-1: Ball
1-1: Called Strike
1-2: Ball
2-2: Foul Ball, location: 2F
2-2: Ball
3-2: Fly out, F3 (Popup, 4S)
Batting: RHB Octávio Zúñiga 0-0: Foul Ball, location: 2F
0-1: Called Strike
0-2: Ball
1-2: Foul Ball, location: 2F
1-2: Fly out, F7 (Flyball, 7D)
Batting: LHB César Muñóz 0-0: Ball
1-0: Foul Ball, location: 2F
1-1: Ball
2-1: Foul Ball, location: 2F
2-2: SINGLE (Line Drive, 89S)
Batting: RHB Chris Woodruff 0-0: Foul Ball, location: 2F
0-1: Foul Ball, location: 2F
0-2: Ball
1-2: Fly out, F6 (Popup, 6)
Bottom of the 8th over - 0 run(s), 1 hit(s), 0 error(s), 1 left on base; San Bernardino 2 - Helena 6
TOP OF THE 9TH
San Bernardino Grasshoppers batting - Pitching for Helena Grizzlies : RHP Scott Lyons
Pitching: RHP Jim Unknown
Batting: RHB Pedro Luna 0-0: Ball
1-0: Ball
2-0: Ground out 6-3 (Groundball, 6)
Batting: RHB Marcos Silva 0-0: Foul Ball, location: 2F
0-1: Called Strike
0-2: Strikes out looking
Batting: RHB Jaime López 0-0: Ball
1-0: Ball
2-0: Called Strike
2-1: Foul Ball, location: 2F
2-2: Ball
3-2: Foul Ball, location: 2F
3-2: Foul Ball, location: 2F
3-2: Foul Ball, location: 2F
3-2: Strikes out swinging
Top of the 9th over - 0 run(s), 0 hit(s), 0 error(s), 0 left on base; San Bernardino 2 - Helena 6
This league is powered by Out of the Park Baseball, the baseball management simulation game for PC, Mac and Linux
Friday, April 15th, 2016 - OOTP Baseball 16.9 Build 39